 Dungeon Crawl Stone Soup version 0.25-a0-1119-g28b6fd0c3b (webtiles) character file.

Game seed: 6895659074519692213, levelgen mode: classic

515 Amnesiac the Vexing (level 7, 0/55 (59) HPs)
             Began as an Ogre Enchanter on May 18, 2020.
             Slain by an adder (3 damage)
             ... on level 5 of the Dungeon on May 19, 2020.
             The game lasted 00:14:28 (5850 turns).

Amnesiac the Vexing (Ogre Enchanter)                Turns: 5850, Time: 00:14:29

HP:   0/55 (59)     AC:  3    Str: 13    XL:     7   Next: 20%
MP:   11/14         EV: 10    Int: 17    God:
Gold: 75            SH:  0    Dex: 10    Spells: 6/15 levels left

rFire    . . .     SeeInvis .   a - +0 trident
rCold    . . .     Gourm    .   (no shield)
rNeg     . . .     Faith    .   c - +0 robe
rPois    +         Spirit   .   (helmet restricted)
rElec    .         Reflect  .   (no cloak)
rCorr    .         Harm     .   (gloves unavailable)
MR       .....                  (boots unavailable)
Stlth    +++.......             G - amulet of regeneration
HPRegen  0.00/turn              v - ring of poison resistance
MPRegen  0.14/turn              J - ring of stealth

@: confusing touch, non-regenerating, mildly diseased
A: large, unfitting armour, tough skin 1
a: no special abilities


You were on level 5 of the Dungeon.
You were not hungry.

You visited 1 branch of the dungeon, and saw 6 of its levels.

You collected 345 gold pieces.
You spent 270 gold pieces at shops.

Inventory:

Hand Weapons
 a - a +0 trident (weapon)
 b - a +0 hunting sling
 w - a +1 dagger
 D - a +0 whip
Missiles
 f - 13 poisoned darts
 j - 3 large rocks (quivered)
 n - 146 stones
 B - 14 sling bullets
Armour
 c - a +0 robe (worn)
 i - a +0 kite shield
Jewellery
 v - a ring of poison resistance (left hand)
 G - an amulet of regeneration (around neck)
 J - a ring of stealth (right hand)
Wands
 t - a wand of paralysis (13)
 y - a wand of clouds (5)
Scrolls
 e - a scroll of amnesia {!r, unknown}
 m - 6 scrolls of teleportation {!r, unknown}
 o - 4 scrolls of immolation {!r, unknown}
 p - a scroll of fog {!r, unknown}
 r - 3 scrolls of remove curse {!r, unknown}
 A - a scroll of noise {!r, unknown}
 C - 2 scrolls of identify {!r, unknown}
 F - a scroll of enchant weapon {!r, unknown}
 H - a scroll of torment {!r, unknown}
 I - a scroll of summoning {!r, unknown}
 K - a scroll of random uselessness {!r, unknown}
Potions
 g - 3 potions of lignification {!q, unknown}
 h - 2 potions of degeneration {!q, unknown}
 k - 3 potions of brilliance {!q, unknown}
 l - a potion of magic {!q, unknown}
 q - 2 potions of mutation {!q, unknown}
 s - 2 potions of curing {!q, unknown}
 u - 4 potions of flight {!q, unknown}
 x - a potion of cancellation {!q, unknown}
 z - a potion of berserk rage {!q, unknown}
 E - a potion of ambrosia {!q, unknown}
Comestibles
 d - 8 rations


   Skills:
 - Level 1.0 Short Blades
 + Level 1.4 Maces & Flails
 - Level 1.7 Dodging
 - Level 3.0 Stealth
 + Level 4.9 Spellcasting
 * Level 5.5 Hexes


You had 6 spell levels left.
You knew the following spells:

 Your Spells              Type           Power        Failure   Level  Hunger
a - Ensorcelled Hibernat  Hex/Ice        ##....       7%          2    #......
b - Corona                Hex            ###....      1%          1    None
w - Tukima's Dance        Hex            ###.....     4%          3    ###....
z - Confusing Touch       Hex            ###.....     4%          3    ###....

Your spell library contained the following spells:

 Spells                   Type           Power        Failure   Level  Hunger
 Dazzling Flash           Conj/Hex       ##....       14%         3    ###....


Dungeon Overview and Level Annotations

Branches:
Dungeon (6/15)
 Temple: D:4-7

Altars:
Cheibriados
Dithmenos
Kikubaaqudgha
Makhleb
Okawaru
Qazlal
Trog
Uskayaw

Shops:
D:5 *


Innate Abilities, Weirdness & Mutations

You are too large for most types of armour.
You have tough skin. (AC +1)


Message History

Confirm with . or Enter, or press ? or * to list all spells.
You don't know that spell.
You hit the necrophage but do no damage.
The necrophage hits you.
You barely miss the necrophage.
The necrophage hits you but does no damage.
You hit the necrophage but do no damage.
The necrophage hits you.
You hit the necrophage but do no damage.
The necrophage hits you. x2
* * * LOW HITPOINT WARNING * * *
You feel your flesh rotting away!
You barely miss the necrophage. The necrophage hits you!
* * * LOW HITPOINT WARNING * * *
You feel ill.
You feel your flesh rotting away!
You hit the necrophage but do no damage.
The necrophage hits you.
* * * LOW HITPOINT WARNING * * *
You hit the necrophage but do no damage.
The necrophage hits you.
* * * LOW HITPOINT WARNING * * *
The necrophage hits you.
* * * LOW HITPOINT WARNING * * *
You closely miss the necrophage. The necrophage hits you.
* * * LOW HITPOINT WARNING * * *
Your hands stop glowing.
Your magical contamination has completely faded away.
There is an escape hatch in the ceiling here.
You feel your health improve.
There is a stone staircase leading up here.
There is a stone staircase leading up here.
There is a stone staircase leading up here.
The necrophage hits you.
* * * LOW HITPOINT WARNING * * *
You feel ill.
You feel your flesh rotting away!
An adder comes into view.
The adder hisses angrily.
The adder closely misses you.
There is an escape hatch in the ceiling here.
The adder bites you.
* * * LOW HITPOINT WARNING * * *
The adder bites you.
* * * LOW HITPOINT WARNING * * *
The adder bites you.
* * * LOW HITPOINT WARNING * * *
The adder bites you but does no damage. The adder closely misses you.
There is a stone staircase leading up here.
The adder closely misses you.
You climb upwards.
There is a stone staircase leading down here.
Casting: Confusing Touch (dangerous; 4% risk of failure)
Confirm with . or Enter, or press ? or * to list all spells.
Your hands begin to glow red.
The adder closely misses you. x2
You hit the adder but do no damage. The adder bites you.
* * * LOW HITPOINT WARNING * * *
You closely miss the adder. The adder bites you.
* * * LOW HITPOINT WARNING * * *
The adder bites you.
* * * LOW HITPOINT WARNING * * *
You closely miss the adder. The adder bites you.
* * * LOW HITPOINT WARNING * * *
The adder bites you.
You die...

#..# ##.# ###
#######.######.##
###..........##...#
#.................##
#.####.####.#......#
#.##.....##........#
#.#.......#........#
#.#.......#....S@..#
#....._............#
..#.......#........#
#.#.......#......).#
..##.....##.......##
..####.####.......#
..................#
#######.###......##
#.........[#


You could see an adder.

Vanquished Creatures
  Menkaure (D:4)
  A sky beast (D:4)
  An ice beast (D:5)
  A bullfrog skeleton (D:4)
  2 hounds
  4 adders
  A shadow imp (D:6)
  2 oozes
  2 worms
  2 dart slugs
  A leopard gecko (D:1)
  5 bats
  4 giant cockroaches
  5 hobgoblins
  6 jackals
  A quokka (D:3)
  A ball python (D:3)
  2 frilled lizards
  7 goblins
  8 kobolds
  A leopard gecko skeleton (D:4)
  A quokka zombie (D:6)
  3 rats (D:2)
62 creatures vanquished.

Notes
Turn   | Place    | Note
-------+----------+-------------------------------------------
     0 | D:1      | Amnesiac the Ogre Enchanter began the quest for the Orb.
     0 | D:1      | Reached XP level 1. HP: 16/16 MP: 3/3
    23 | D:1      | Reached skill level 1 in Short Blades
   117 | D:1      | Reached XP level 2. HP: 14/24 MP: 5/5
   125 | D:1      | Reached skill level 3 in Hexes
   429 | D:1      | Learned a level 2 spell: Ensorcelled Hibernation
  1017 | D:2      | Reached XP level 3. HP: 22/31 MP: 4/7
  1022 | D:2      | Learned a level 3 spell: Confusing Touch
  1147 | D:2      | Found an iron altar of Okawaru.
  1453 | D:3      | Reached XP level 4. HP: 23/39 MP: 1/8
  1532 | D:3      | Learned a level 3 spell: Tukima's Dance
  1533 | D:4      | Noticed Menkaure
  1810 | D:2      | Found a snail-covered altar of Cheibriados.
  1875 | D:5      | Entered Level 5 of the Dungeon
  2488 | D:5      | Found a faded altar of an unknown god.
  2488 | D:5      | Found an ancient bone altar of Kikubaaqudgha.
  2493 | D:5      | Found a faded altar of an unknown god.
  2495 | D:5      | Found a shadowy altar of Dithmenos.
  2496 | D:5      | Found a stormy altar of Qazlal.
  2547 | D:5      | Found a bloodstained altar of Trog.
  2728 | D:5      | Noticed an ice beast
  2826 | D:4      | Found a burning altar of Makhleb.
  2893 | D:4      | Killed Menkaure
  2893 | D:4      | Reached skill level 4 in Hexes
  2893 | D:4      | Reached XP level 5. HP: 25/45 MP: 9/11
  2944 | D:4      | Noticed a sky beast
  2975 | D:4      | Reached XP level 6. HP: 14/53 MP: 7/12
  4061 | D:2      | Found a faded altar of an unknown god.
  5042 | D:4      | Killed a sky beast
  5042 | D:4      | Reached skill level 5 in Hexes
  5103 | D:5      | Found Acki's Assorted Antiques.
  5115 | D:5      | Bought a scroll labeled USUHAO SOUGYNU for 27 gold pieces
  5115 | D:5      | Bought a scroll labeled TAACSU QITOFFI for 27 gold pieces
  5115 | D:5      | Bought a scroll labeled VIYDOBBONIM for 27 gold pieces
  5115 | D:5      | Bought a bronze ring for 135 gold pieces
  5115 | D:5      | Bought a wand of paralysis (5) for 54 gold pieces
  5121 | D:5      | Found a hide-covered altar of Uskayaw.
  5186 | D:5      | Found a bloodstained altar of Trog.
  5325 | D:5      | Reached skill level 1 in Maces & Flails
  5341 | D:5      | Killed an ice beast
  5341 | D:5      | Reached XP level 7. HP: 39/59 MP: 9/14
  5850 | D:5      | Slain by an adder

Illustrated notes

Levels and vault maps discovered:
D:1:      ebering_trefoil_3fold, layout_loops_ring, serial_forest,
          infiniplex_forest_3_way, infiniplex_forest_zigzag_1,
          infiniplex_forest_corner_1, infiniplex_forest_zigzag_1,
          infiniplex_forest_clump_double, infiniplex_forest_lined_room_2,
          infiniplex_forest_clump_tiny, infiniplex_forest_lined_room_2,
          infiniplex_forest_lined_corner
D:2:      layout_rooms, lemuel_coloured_pillars_altar,
          chequers_ecumenical_altar_island, okawaru_gym_becter
D:3:      layout_loops_cross, kennysheep_minor_cross
D:4:      layout_cave_pools, lightli_temple_of_fire, first_ration, uniq_menkaure
D:5:      layout_cave_pods, old_standard_altar, lemuel_crystal_altar,
          chequers_temple_overflow_minitemple, serial_shops, shop_fountains,
          serial_park_tiny_1, bloody_trog
D:6:      layout_basic, kennysheep_big_empty_room, uniq_eustachio, uniq_maggie

Skill      XL: |  1  2  3  4  5  6 |
---------------+-------------------+-----
Short Blades   | 1 |  1.0
Hexes          | 3 4 5 |  5.5
Spellcasting   | 3 4 |  4.9
Stealth        | 3 |  3.0
Maces & Flails | 1 |  1.4
Dodging        | |  1.7

Action                   |  1- 3 |  4- 6 |  7- 9 || total
-------------------------+-------+-------+-------++-------
Melee: Dagger            |    56 |    55 |       ||   111
       Hunting sling     |       |     2 |       ||     2
       Trident           |       |    47 |    24 ||    71
 Fire: Hunting sling     |       |    66 |       ||    66
Throw: Dart              |    20 |       |       ||    20
       Large rock        |       |     3 |       ||     3
 Cast: Corona            |     3 |       |       ||     3
       Ensorcelled Hiber |    17 |     9 |       ||    26
       Confusing Touch   |     1 |    11 |     3 ||    15
Evoke: Wand              |       |     4 |       ||     4
 Stab: Sleeping          |     9 |    11 |     1 ||    21
       Confused          |     1 |     1 |       ||     2
       Paralysed         |       |     7 |       ||     7
  Eat: Chunk             |     3 |     8 |       ||    11
       Ration            |       |     1 |     1 ||     2
Armor: Robe              |    17 |    29 |     4 ||    50
Dodge: Dodged            |    39 |    67 |    10 ||   116

Table legend:
 A = Non-vault XP
 B = Vault XP
 C = Vault XP percentage of total XP
 D = Non-vault monster count
 E = Vault monster count
 F = Vault count percentage of total count
                 A         B        C        D         E       F
            +---------+---------+-------+---------+---------+-------
      Total |     564 |     172 |  23.4 |      61 |       1 |   1.6
            +---------+---------+-------+---------+---------+-------
        D:1 |      48 |       0 |   0.0 |      23 |       0 |   0.0
        D:2 |      65 |       0 |   0.0 |      16 |       0 |   0.0
        D:3 |      68 |       0 |   0.0 |      10 |       0 |   0.0
        D:4 |     196 |     172 |  46.7 |       6 |       1 |  14.3
        D:5 |     175 |       0 |   0.0 |       4 |       0 |   0.0
        D:6 |      12 |       0 |   0.0 |       2 |       0 |   0.0
            +---------+---------+-------+---------+---------+-------
